 Dungeon Crawl Stone Soup version 0.28-b1-70-g80dc712255 (webtiles) character file.

Game seed: 9376239954348644164

100 cbfl8 the Sneak (level 4, 0/40 HPs)
             Began as a Minotaur Delver on Feb 3, 2022.
             Slain by a worm (5 damage)
             ... on level 2 of the Dungeon.
             The game lasted 00:03:54 (1920 turns).

cbfl8 the Sneak (Minotaur Delver)                   Turns: 1920, Time: 00:03:55

Health: 0/40       AC:  3    Str: 18    XL:     4   Next: 46%
Magic:  3/3        EV:  8    Int:  7    God:
Gold:   59         SH: 11    Dex: 12    Spells: 3/3 levels left

rFire   . . .      SeeInvis .   a - +0 hand axe
rCold   . . .      Faith    .   i - +0 tower shield
rNeg    . . .      Spirit   .   b - +0 leather armour
rPois   .          Reflect  .   (helmet restricted)
rElec   .          Harm     .   (no cloak)
rCorr   .          Rampage  .   (no gloves)
Will    .....                   (no boots)
Stlth   +++.......              (no amulet)
HPRegen 0.13/turn               (no ring)
MPRegen 0.08/turn               (no ring)

@: no status effects
A: horns 2, retaliatory headbutt
a: no special abilities


You were on level 2 of the Dungeon.
You visited 1 branch of the dungeon, and saw 5 of its levels.

You collected 59 gold pieces.

Inventory:

Hand Weapons
 a - a +0 hand axe (weapon)
Armour
 b - a +0 leather armour (worn)
 i - a +0 tower shield (worn)
Wands
 g - a wand of digging (3)
Scrolls
 c - a scroll of fog
 d - a scroll of magic mapping
 e - a scroll of fear
 j - a scroll of enchant weapon {unknown}
 k - a scroll of teleportation {unknown}
 l - a scroll of summoning {unknown}
 m - a scroll of noise {unknown}
 o - a scroll of immolation {unknown}
Potions
 f - a potion of haste
 h - 2 potions of heal wounds {unknown}
 n - a potion of curing {unknown}
 p - 2 potions of attraction {unknown}


   Skills:
 + Level 4.1 Fighting
 + Level 3.0 Axes
 + Level 0.9 Armour
 + Level 2.5 Dodging
 + Level 5.0 Stealth
 + Level 1.4 Shields


You had 3 spell levels left.
You didn't know any spells.
Your spell library was empty.

Dungeon Overview and Level Annotations

Branches:
Dungeon (5/15)
 Temple: D:4-7

Altars:
Ru

Shops:
D:5 *

Annotations:
D:3 Natasha


Innate Abilities, Weirdness & Mutations

You have a pair of horns on your head.
You reflexively headbutt those who attack you in melee.


Message History

You barely miss the worm. The jackal barely misses you.
You block the worm's attack. The jackal bites you.
You closely miss the jackal.
The jackal is lightly wounded.
You hit the worm. You block the jackal's attack. x2
The worm bites you but does no damage.
You hit the jackal. Your headbutt misses the jackal.
The jackal is moderately wounded.
You hit the worm. The jackal barely misses you. You furiously retaliate!
You headbutt the jackal, but do no damage.
You block the jackal's attack. You block the worm's attack.
You hit the jackal but do no damage. Your headbutt misses the jackal.
The jackal is lightly wounded.
You hit the worm but do no damage. You block the jackal's attack. x2
The worm barely misses you. You furiously retaliate!
You headbutt the worm. You hit the jackal but do no damage.
You headbutt the jackal.
You kill the jackal!
You hit the worm. The bat hits you but does no damage.
You block the bat's attack. The bat hits you but does no damage.
You block the worm's attack.
You barely miss the bat. You headbutt the bat.
You kill the bat!
You hit the worm. The worm bites you.
Your Axes skill increases to level 3!
Things that are here:
a jackal corpse; a frilled lizard corpse You barely miss the worm.
You headbutt the worm.
The worm is moderately wounded.
The worm bites you!
You hit the worm.
The worm is severely wounded.
The worm bites you!
* * * LOW HITPOINT WARNING * * *
You hit the worm.
The worm is almost dead.
You block the worm's attack.
You completely miss the worm.
The worm is almost dead.
The worm bites you.
You die...

######...†.# .#
##....###..###.#
##...............#
#..######......###
##..#. ##.....#
#.... #.....# #...
#.....# #..#
#..#.## #w@#
#..#.# ##.##
##.##.#
#..######..# .#
##........##
###....### ######


You could see a worm.

Vanquished Creatures
  An orc priest (D:4)
  A gnoll (D:1)
  An adder (D:3)
  3 dart slugs
  2 ball pythons (D:3)
  7 bats
  5 endoplasms
  3 giant cockroaches
  2 goblins
  6 hobgoblins
  A jackal (D:2)
  2 kobolds
  A quokka (D:3)
  2 frilled lizards (D:2)
  4 rats
41 creatures vanquished.

Notes
Turn   | Place    | Note
-------+----------+-------------------------------------------
     0 | D:5      | cbfl8 the Minotaur Delver began the quest for the Orb.
     0 | D:5      | Reached XP level 1. HP: 19/19 MP: 0/0
    19 | D:4      | Noticed an orc priest
    29 | D:4      | Killed an orc priest
    30 | D:4      | Reached XP level 2. HP: 7/27 MP: 1/1
    30 | D:4      | Reached XP level 3. HP: 9/33 MP: 2/2
   494 | D:3      | Found a sacrificial altar of Ru.
   499 | D:3      | Noticed Natasha
   853 | D:3      | Reached skill level 1 in Shields
  1282 | D:1      | Reached skill level 5 in Stealth
  1282 | D:1      | Reached XP level 4. HP: 40/40 MP: 3/3
  1920 | D:2      | Slain by a worm

Illustrated notes

Levels and vault maps discovered:
D:1:      psy_arrival_whirlpool, layout_loops_ring
D:2:      minmay_recursive_quarters, layout_loops_cross,
          minmay_randomly_rotated_circles
D:3:      layout_loops_ring, nicolae_ru_sacrificial_ziggurat,
          dilly_ecumenical_altar_fadedgnrine, uniq_natasha
D:4:      layout_basic, elyvilon_altar_4, xom_butterflies,
          minmay_temple_entry_slanted
D:5:      layout_loops_ring, nicolae_overflow_hidden_temple,
          makhleb_heckhound_becter, mainiacjoe_overflow_six_doors_small,
          serial_shops, nicolae_stop_n_shop_1

Skill      XL: |  1  2  3  4 |
---------------+-------------+-----
Shields        | 1 |  1.4
Fighting       | 4 |  4.1
Stealth        | 5 |  5.0
Axes           | 3 |  3.0
Armour         | |  0.9
Dodging        | |  2.5

Action                   |  1- 3 |  4- 6 || total
-------------------------+-------+-------++-------
Melee: Hand axe          |    48 |    39 ||    87
       Headbutt          |    11 |     8 ||    19
 Stab: Sleeping          |     3 |     1 ||     4
Armor: Leather armour    |    20 |    17 ||    37
Dodge: Dodged            |    27 |    25 ||    52
Block: Tower shield      |    28 |    39 ||    67
